 Dungeon Crawl Stone Soup version 0.27.1-33-g824d729ab1 (webtiles) character file.

Game seed: 1309026381879475276

734 zeram the Slasher (level 7, -1/85 HPs)
             Began as a Hill Orc Fighter on Dec 28, 2021.
             Was an Initiate of Beogh.
             Slain by a water moccasin (6 damage)
             ... on level 5 of the Dungeon.
             The game lasted 00:06:46 (4494 turns).

zeram the Slasher (Hill Orc Fighter)                Turns: 4494, Time: 00:06:47

Health: -1/85      AC: 23    Str: 21    XL:     7   Next: 74%
Magic:  7/7        EV:  2    Int:  8    God:    Beogh [......]
Gold:   104        SH:  0    Dex: 10    Spells: 6/6 levels left

rFire    . . .     SeeInvis .   g - +2 triple sword (holy)
rCold    . . .     Faith    .   (shield currently unavailable)
rNeg     + + +     Spirit   .   (armour currently unavailable)
rPois    +         Reflect  .   (helmet currently unavailable)
rElec    .         Harm     .   (cloak currently unavailable)
rCorr    .         Rampage  .   (gloves currently unavailable)
Will     .....     NoTele   +   (boots currently unavailable)
Stlth    +.........             i - amulet of magic regeneration
HPRegen  0.24/turn              (no ring)
MPRegen  0.35/turn              (no ring)

@: lethally poisoned (-1 -> -4), tree-form
A: stationary, stasis, torment immunity, boosted hp
a: Renounce Religion


You were on level 5 of the Dungeon.
You worshipped Beogh.
Beogh was noncommittal.
You were a tree.
You visited 1 branch of the dungeon, and saw 5 of its levels.

You collected 184 gold pieces.
You spent 80 gold pieces at shops.

Inventory:

Hand Weapons
 a - a +0 war axe
 g - a +2 triple sword of holy wrath (weapon)
Armour
 b - a +0 scale mail (melded)
 c - a +0 kite shield
 e - a +2 cloak (melded)
Jewellery
 i - an amulet of magic regeneration (around neck)
Scrolls
 d - 2 scrolls of blinking
 h - a scroll of amnesia
 n - a scroll of identify
Potions
 f - a potion of attraction
 j - 2 potions of brilliance
 l - a potion of invisibility {unknown}
 m - a potion of degeneration {unknown}
 p - a potion of mutation {unknown}


   Skills:
 - Level 3.6 Fighting
 + Level 6.6 Long Blades
 - Level 4.4 Axes
 + Level 5.6 Armour
 - Level 4.1 Shields


You had 6 spell levels left.
You didn't know any spells.
Your spell library contained the following spells:

 Spells                   Type           Power      Damage    Failure   Level
 Blink                    Tloc           N/A        N/A       54%         2
 Lesser Beckoning         Tloc           0%         N/A       78%         3
 Stone Arrow              Conj/Erth      0%         3d7       78%         3
 Animate Armour           Summ/Erth      0%         N/A       99%         4
 Manifold Assault         Tloc           0%         N/A       100%        5
 Lehudib's Crystal Spear  Conj/Erth      0%         10d2      100%        8


Dungeon Overview and Level Annotations

Branches:
Dungeon (5/15)
 Temple: D:4-7

Altars:
Zin

Shops:
D:4 *

Annotations:
D:5 3 runed translucent doors, potato4science's ghost, weakling OpDe


Message History

You slice the orc!!
You kill the orc!
Beogh accepts your kill. The water moccasin bites you!
* * * LOW HITPOINT WARNING * * *
You are lethally poisoned!
The water moccasin poisons you! The water moccasin closely misses you.
You riposte.
You closely miss the water moccasin.
The water moccasin is moderately wounded.
Okay, then.
It was a potion of lignification.
You turn into a tree.
Your +2 cloak melds into your body.
Your +0 scale mail melds into your body.
Your roots penetrate the ground.
* * * LOW HITPOINT WARNING * * *
You feel very sick.
The water moccasin bites you but does no damage.
You miss the water moccasin.
The water moccasin is moderately wounded.
* * * LOW HITPOINT WARNING * * *
You feel very sick.
The water moccasin bites you but does no damage. x2
Unknown command.
You miss the water moccasin.
The water moccasin is moderately wounded.
* * * LOW HITPOINT WARNING * * *
You feel very sick.
The water moccasin bites you but does no damage. x2
Unknown command.
You barely miss the water moccasin.
The water moccasin is moderately wounded.
* * * LOW HITPOINT WARNING * * *
You feel very sick.
The water moccasin bites you but does no damage.
The water moccasin barely misses you.
The water moccasin bites you but does no damage.
You barely miss the water moccasin.
The water moccasin is moderately wounded.
You feel sick. The water moccasin bites you.
You die...

.....## .....
#.8.(...
.......#[....(♣####
......#..(....#...
...#.##....(.?###.
#######.##.##.(....(#
#.
......)S##.####+++###
#. #)♣##.##.......#
#.
#..##.#####.######.
#..................
##.##.############.
#....# ## ######


You could see a water moccasin.

Vanquished Creatures
  A steam dragon (D:5)
  A phantom (D:4)
  Blork the orc (D:4)
  A jelly (D:4)
  2 howler monkeys (D:4)
  A bullfrog zombie (D:4)
  Crazy Yiuf (D:3)
  A bullfrog skeleton (D:4)
  Jessica (D:3)
  2 orc wizards
  Terence (D:3)
  5 adders
  3 worms
  10 dart slugs
  12 orcs
  4 ball pythons
  3 bats
  2 endoplasms
  4 giant cockroaches
  5 goblins
  A hobgoblin (D:4)
  10 jackals
  5 kobolds
  3 quokkas
  3 frilled lizards (D:1)
  5 rats
88 creatures vanquished.

Vanquished Creatures (others)
  An orc (D:4)
  2 plants (D:3)
3 creatures vanquished.

Grand Total: 91 creatures vanquished

Notes
Turn   | Place    | Note
-------+----------+-------------------------------------------
     0 | D:1      | zeram the Hill Orc Fighter began the quest for the Orb.
     0 | D:1      | Reached XP level 1. HP: 19/19 MP: 1/1
   202 | D:1      | Reached XP level 2. HP: 26/26 MP: 2/2
  1237 | D:2      | Reached XP level 3. HP: 31/31 MP: 3/3
  1766 | D:2      | Reached XP level 4. HP: 39/39 MP: 4/4
  2307 | D:3      | Reached skill level 1 in Long Blades
  2368 | D:3      | Noticed Terence
  2372 | D:3      | Killed Terence
  2373 | D:3      | Reached skill level 2 in Long Blades
  2373 | D:3      | Reached XP level 5. HP: 45/45 MP: 5/5
  2389 | D:3      | Found a glowing silver altar of Zin.
  2491 | D:3      | Found a faded altar of an unknown god.
  2628 | D:3      | Found a runed translucent door.
  2629 | D:3      | Noticed Crazy Yiuf
  2761 | D:3      | Noticed Jessica
  2778 | D:3      | Killed Jessica
  2950 | D:3      | Reached skill level 3 in Long Blades
  3199 | D:3      | Killed Crazy Yiuf
  3326 | D:4      | Reached XP level 6. HP: 51/51 MP: 6/6
  3358 | D:4      | Reached skill level 4 in Long Blades
  3400 | D:4      | Reached skill level 5 in Armour
  3400 | D:4      | Became a worshipper of Beogh the Brigand
  3470 | D:4      | Found Voun's Assorted Antiques.
  3474 | D:4      | Reached skill level 5 in Long Blades
  3476 | D:4      | Reached XP level 7. HP: 52/57 MP: 7/7
  3546 | D:4      | Bought a potion of heal wounds for 80 gold pieces
  3655 | D:4      | Noticed Blork the orc
  3666 | D:4      | Killed Blork the orc
  4232 | D:5      | Entered Level 5 of the Dungeon
  4233 | D:5      | Noticed a steam dragon
  4319 | D:5      | Killed a steam dragon
  4320 | D:5      | Reached skill level 6 in Long Blades
  4470 | D:5      | Found a runed translucent gate.
  4470 | D:5      | Found a runed translucent gate.
  4471 | D:5      | Found a runed translucent gate.
  4472 | D:5      | Noticed potato4science's ghost (weakling OpDe)
  4494 | D:5      | Slain by a water moccasin

Illustrated notes

Levels and vault maps discovered:
D:1:      lightli_arrival_statuegarden, layout_basic
D:2:      layout_basic
D:3:      kennysheep_slugbush, layout_loops_ring, zin_statuary,
          shapermc_ecumenical_altar_notcrosses, chequers_serial_rivers_large_a,
          serial_bayou_lagoon_a, uniq_terence, uniq_crazy_yiuf_cottage,
          uniq_jessica
D:4:      layout_gridville, serial_shops, shop, kennysheep_generic_room_9,
          uniq_blork_the_orc
D:5:      layout_loops_ring, ebering_ghost_rock_garden,
          kennysheep_generic_room_2

Skill      XL: |  1  2  3  4  5  6  7 |
---------------+----------------------+-----
Axes           | 3 4 |  4.4
Shields        | 4 |  4.1
Armour         | 4 5 |  5.6
Long Blades    | 2 3 5 6 |  6.6
Fighting       | |  3.6

Action                   |  1- 3 |  4- 6 |  7- 9 || total
-------------------------+-------+-------+-------++-------
Melee: War axe           |   114 |     2 |       ||   116
       Triple sword      |       |    72 |    43 ||   115
Invok: Convert to Beogh  |       |     1 |       ||     1
  Use: Scroll            |     4 |     4 |       ||     8
       Potion            |       |     5 |     2 ||     7
Armor: Scale mail        |    65 |    66 |    22 ||   153
       Skin              |       |       |     7 ||     7
Dodge: Dodged            |    51 |    53 |    31 ||   135
Block: Kite shield       |    81 |     4 |       ||    85
       Rpst.: Triple sword |       |    11 |    12 ||    23
